 Dungeon Crawl Stone Soup version 0.31-a0-164-g2312942fda (webtiles) character file.

Game seed: 4861143218922368544

3003 qw the Skirmisher (level 9, -2/82 (86) HPs)
             Began as a Naga Hunter on June 13, 2023.
             Was an Initiate of Okawaru.
             Slain by a wight
             ... wielding a +3 great sword
              (17 damage)
             ... on level 7 of the Dungeon.
             The game lasted 00:02:07 (5125 turns).

qw the Skirmisher (Naga Hunter)                     Turns: 5125, Time: 00:02:07

HP:   -2/82 (86)    AC:  6    Str: 14    XL:     9   Next: 84%
MP:   10/10         EV: 11    Int: 10    God:    Okawaru [......]
Gold: 262           SH:  0    Dex: 18    Spells: 8/8 levels left

rFire   . . .        Y - +1 orcbow
rCold   . . .        (shield currently unavailable)
rNeg    + . .        e - +2 robe {rN+}
rPois   +            (no helmet)
rElec   .            (no cloak)
rCorr   .            (no gloves)
SInv    +            (no barding)
Will    ++...        a - amulet of the acrobat
Stlth   ++           d - +4 ring of slaying {mikee}
HPRegen 0.33/turn    b - ring of willpower
MPRegen 0.12/turn

%: acrobat
@: lightly drained, very slow
A: AC +3, large, see invisible, deformed body, poison resistance, slowness 2,
spit poison 1, naga tail 1
a: Spit Poison, Renounce Religion


You were on level 7 of the Dungeon.
You worshipped Okawaru.
Okawaru was noncommittal.
You visited 2 branches of the dungeon, and saw 8 of its levels.

You collected 346 gold pieces.
You spent 84 gold pieces at shops.


Innate Abilities, Weirdness & Mutations

Your serpentine skin is tough. (AC +3)
You have supernaturally acute eyesight. (SInv)
Armour fits poorly on your strangely shaped body.
Your system is resistant to poisons. (rPois)
You cover ground very slowly.
You can spit poison.
You have a snake-like lower body.


   Skills:
 - Level 7.0 Fighting
 + Level 10.6 Ranged Weapons
 - Level 3.0 Dodging
 - Level 1.5 Stealth
 - Level 2.3 Invocations


You had 8 spell levels left.
You didn't know any spells.
Your spell library was empty.

Inventory:

Hand Weapons
 Y - a +1 orcbow (weapon)
Armour
 e - a +2 robe of positive energy (worn)
Jewellery
 a - an amulet of the acrobat (around neck)
 b - a ring of willpower (right hand)
 d - a +4 ring of slaying (left hand) {mikee}
Scrolls
 h - a scroll of enchant armour
 i - 3 scrolls of identify
Potions
 f - 2 potions of haste
 g - a potion of curing
 j - a potion of degeneration {unknown}
 k - a potion of cancellation
 l - a potion of magic {unknown}

Dungeon Overview and Level Annotations

Branches:
Dungeon (7/15)             Temple (1/1) D:4

Altars:
Cheibriados
Dithmenos
Fedhas
Gozag
Hepliaklqana
Kikubaaqudgha
Makhleb
Nemelex Xobeh
Okawaru
Qazlal
Ru
Sif Muna
Trog
Uskayaw
Vehumet
Wu Jian
Xom
The Shining One

Shops:
D:4 **[[(


Message History

You shoot an arrow. The arrow barely misses the wight.
The wight hits you with a +0 halberd.
The wight unwields a +0 longbow.
The wight wields a +3 mace.
The wight hits you with a +3 mace.
You shoot an arrow. The arrow hits the wight!
The wight is severely damaged.
The wight closely misses you. The wight hits you with a +3 mace.
You partially resist.
You feel drained.
You shoot an arrow. The arrow completely misses the wight.
The wight completely misses you. The wight hits you with a +3 mace!
You partially resist.
You feel drained.
You shoot an arrow. The arrow hits the wight.
You destroy the wight!
Okawaru accepts your kill. The wight closely misses you.
The wight hits you with a +3 mace!
You shoot an arrow. The arrow completely misses the wight.
The wight closely misses you.
The wight hits you with a +0 long sword.
You partially resist.
You feel drained. The wight hits you with a +3 mace.
You shoot an arrow. The arrow barely misses the wight.
The wight hits you with a +3 great sword!
The wight hits you with a +0 long sword.
The wight hits you but does no damage.
You shoot an arrow. The arrow hits the wight!
You destroy the wight!
Okawaru accepts your kill.
The wight hits you with a +3 great sword!
You partially resist.
You feel drained. The wight barely misses you.
5123 ||| DRINKING potion of heal wounds.
You feel much better.
The wight closely misses you. x2; The wight hits you with a +3 mace!
You shoot an arrow. The arrow hits the wight.
The wight is moderately damaged.
The wight barely misses you.
The wight hits you with a +2 great sword of freezing!
You partially resist.
You feel drained. The wight freezes you. The wight completely misses you.
You shoot an arrow. The arrow hits the wight.
The wight is moderately damaged.
The wight hits you with a +3 great sword!
You die...

.... ##.........(.
z... #.~~~~~~~~~.
.z.. #.~#######~.
...# #.~# #~. #z.#
#.~# #~. #z.##
##.~##+++##~.
#..###..~~~~~~~~~.
##z.....~~~~~~~~~.
#@z...............
##.z.).....>.......
#...............##.
#..............###.
######.........##..
#####..).....#..#..
.
#..........####.....
..#..#...#..##
##...# #...###.###.#
####....


You could see 3 wights.

Vanquished Creatures
  Pikel (D:5)
  Prince Ribbit (D:6)
  Sigmund (D:5)
  A wyvern (D:5)
  Edmund (D:5)
  Duvessa (D:6)
  2 black bears
  2 ice beasts
  An ogre (D:5)
  A centaur (D:5)
  A phantom (D:5)
  A lemure (D:5)
  2 bullfrogs
  2 scorpions
  5 wights
  Dowan (D:6)
  A howler monkey (D:7)
  2 jellies
  3 hounds
  Jessica (D:2)
  3 iguanas
  Natasha (thrice) (D:2)
  2 orc wizards
  5 gnolls (D:5)
  12 adders
  A white imp (D:5)
  2 ufetubi
  6 worms
  3 dart slugs
  15 orcs
  10 endoplasms
  6 giant cockroaches
  9 goblins
  8 hobgoblins
  8 jackals
  7 kobolds
  2 quokkas (D:2)
  2 ball pythons
  4 bats
  2 frilled lizards
  2 rats
143 creatures vanquished.

Notes
Turn   | Place    | Note
-------+----------+-------------------------------------------
     0 | D:1      | qw the Naga Hunter began the quest for the Orb.
     0 | D:1      | Reached XP level 1. HP: 19/19 MP: 1/1
     0 | D:1      | 0 ||| qw: Version: 0.2-a-29-gc1b59c4
     0 | D:1      | 0 ||| qw: Game counter: 4544
     0 | D:1      | 0 ||| qw: Always use a shield: true
     0 | D:1      | 0 ||| qw: God list: Okawaru
     0 | D:1      | 0 ||| qw: Allow faded altars: false
     0 | D:1      | 0 ||| qw: Do Orc after D:15 true
     0 | D:1      | 0 ||| qw: Do second Lair branch before Depths: true
     0 | D:1      | 0 ||| qw: Lair rune preference: random
     0 | D:1      | 0 ||| qw: Plans: Normal
     0 | D:1      | 0 ||| PLANNING D:1-11
     4 | D:1      | 4 ||| INVOKING Spit Poison.
    16 | D:1      | 16 ||| INVOKING Spit Poison.
    42 | D:1      | 42 ||| INVOKING Spit Poison.
    84 | D:1      | 84 ||| INVOKING Spit Poison.
    87 | D:1      | Reached skill level 4 in Ranged Weapons
    87 | D:1      | Reached XP level 2. HP: 26/26 MP: 2/2
    91 | D:1      | 91 ||| INVOKING Spit Poison.
    96 | D:1      | 96 ||| INVOKING Spit Poison.
   100 | D:1      | 100 ||| INVOKING Spit Poison.
   165 | D:1      | 165 ||| INVOKING Spit Poison.
   173 | D:1      | 173 ||| INVOKING Spit Poison.
   186 | D:1      | 186 ||| INVOKING Spit Poison.
   211 | D:1      | 211 ||| INVOKING Spit Poison.
   219 | D:1      | Reached XP level 3. HP: 32/32 MP: 3/3
   339 | D:1      | 339 ||| INVOKING Spit Poison.
   409 | D:1      | 409 ||| UPGRADING to +4 ring of slaying {mikee}.
   410 | D:1      | 410 ||| READING 2 scrolls labelled RIZODW PAHOSOM.
   411 | D:1      | 411 ||| READING scroll labelled SICIUT SIOTOA.
   412 | D:1      | 412 ||| READING scroll labelled ASOERI YTIBRULAF.
   413 | D:1      | 413 ||| READING scroll labelled GUEKANNUM.
   414 | D:1      | 414 ||| DROPPING scroll of blinking.
   415 | D:1      | 415 ||| DROPPING scroll of butterflies.
   446 | D:2      | 446 ||| INVOKING Spit Poison.
   456 | D:2      | 456 ||| INVOKING Spit Poison.
   485 | D:2      | 485 ||| INVOKING Spit Poison.
   488 | D:2      | 488 ||| INVOKING Spit Poison.
   554 | D:2      | 554 ||| INVOKING Spit Poison.
   568 | D:2      | Reached skill level 5 in Ranged Weapons
   594 | D:2      | 594 ||| INVOKING Spit Poison.
   596 | D:2      | Reached XP level 4. HP: 39/39 MP: 4/4
   609 | D:2      | Noticed Jessica
   612 | D:2      | 612 ||| INVOKING Spit Poison.
   615 | D:2      | 615 ||| INVOKING Spit Poison.
   615 | D:2      | Killed Jessica
   628 | D:2      | 628 ||| FLEEEEING.
   635 | D:2      | 635 ||| STAIRDANCE
   658 | D:1      | 658 ||| UPGRADING to amulet of the acrobat.
   663 | D:1      | 663 ||| UPGRADING to ring of willpower.
   664 | D:1      | 664 ||| READING scroll labelled DYSOFR UCWIAKO.
   684 | D:2      | 684 ||| INVOKING Spit Poison.
   690 | D:2      | 690 ||| INVOKING Spit Poison.
   715 | D:2      | Found an opulent altar of Gozag.
   828 | D:2      | 828 ||| INVOKING Spit Poison.
   828 | D:2      | Noticed Natasha
   831 | D:2      | 831 ||| INVOKING Spit Poison.
   833 | D:2      | Killed Natasha
   834 | D:2      | Reached skill level 3 in Fighting
   834 | D:2      | Reached XP level 5. HP: 40/49 MP: 5/5
   950 | D:2      | 950 ||| INVOKING Spit Poison.
   955 | D:2      | 955 ||| INVOKING Spit Poison.
   959 | D:2      | 959 ||| INVOKING Spit Poison.
   960 | D:2      | 960 ||| INVOKING Spit Poison.
   968 | D:2      | 968 ||| INVOKING Spit Poison.
  1004 | D:2      | Noticed Natasha
  1008 | D:2      | 1008 ||| INVOKING Spit Poison.
  1015 | D:2      | 1015 ||| INVOKING Spit Poison.
  1016 | D:2      | Killed Natasha
  1078 | D:2      | Noticed Natasha
  1081 | D:2      | 1081 ||| INVOKING Spit Poison.
  1082 | D:2      | 1082 ||| INVOKING Spit Poison.
  1084 | D:2      | Killed Natasha
  1230 | D:2      | 1230 ||| UPGRADING to +2 robe of positive energy.
  1240 | D:2      | 1240 ||| DROPPING +0 leather armour.
  1241 | D:2      | 1241 ||| READING scroll labelled XOCWAF HI DOLU.
  1242 | D:2      | 1242 ||| DRINKING 2 sedimented brown potions.
  1243 | D:2      | 1243 ||| DROPPING potion of attraction.
  1289 | D:3      | 1289 ||| INVOKING Spit Poison.
  1295 | D:3      | 1295 ||| INVOKING Spit Poison.
  1347 | D:3      | 1347 ||| INVOKING Spit Poison.
  1367 | D:3      | 1367 ||| INVOKING Spit Poison.
  1370 | D:3      | 1370 ||| INVOKING Spit Poison.
  1392 | D:3      | 1392 ||| INVOKING Spit Poison.
  1495 | D:3      | 1495 ||| INVOKING Spit Poison.
  1523 | D:3      | 1523 ||| INVOKING Spit Poison.
  1527 | D:3      | 1527 ||| INVOKING Spit Poison.
  1530 | D:3      | Reached XP level 6. HP: 56/56 MP: 6/6
  1563 | D:3      | 1563 ||| INVOKING Spit Poison.
  1590 | D:3      | 1590 ||| INVOKING Spit Poison.
  1615 | D:3      | Identified the +0 leather armour "Ismyum" {rPois MP+9}
  1760 | D:3      | Reached skill level 6 in Ranged Weapons
  1889 | D:3      | 1889 ||| DROPPING +0 leather armour "Ismyum" {rPois MP+9}.
  1890 | D:3      | 1890 ||| READING 2 scrolls labelled ZUERAO OTRUEM.
  1891 | D:3      | 1891 ||| READING scroll of enchant weapon.
  1891 | D:3      | 1891 ||| ENCHANTING +1 shortbow.
  1892 | D:3      | 1892 ||| DRINKING 2 fuming purple potions.
  1939 | D:3      | 1939 ||| READING 2 scrolls of identify.
  1939 | D:3      | 1939 ||| IDENTIFYING smoky black potion
  1940 | D:3      | 1940 ||| DROPPING potion of berserk rage.
  1941 | D:3      | 1941 ||| DROPPING potion of lignification.
  1957 | D:3      | 1957 ||| INVOKING Spit Poison.
  1963 | D:3      | 1963 ||| READING 2 scrolls of identify.
  1963 | D:3      | 1963 ||| IDENTIFYING metallic emerald potion
  1964 | D:3      | 1964 ||| DROPPING potion of ambrosia.
  1997 | D:4      | Found Nuyjysur's General Store.
  1997 | D:4      | Found Otaiciuts's General Store.
  1998 | D:4      | 1998 ||| INVOKING Spit Poison.
  2006 | D:4      | Identified the +3 trident "Onlogun" {freeze, rC+ Str+3}
  2016 | D:4      | 2016 ||| BUYING potion of heal wounds (60 gold).
  2016 | D:4      | Bought a potion of heal wounds for 60 gold pieces
  2016 | D:4      | 2016 ||| SHOPLISTING potion of heal wounds (60 gold, have
                  | 44).
  2016 | D:4      | 2016 ||| SHOPLISTING scroll of enchant weapon (90 gold,
                  | have 44).
  2016 | D:4      | 2016 ||| BUYING scroll of identify (24 gold).
  2016 | D:4      | Bought a scroll of identify for 24 gold pieces
  2016 | D:4      | 2016 ||| SHOPLISTING scroll of teleportation (36 gold, have
                  | 20).
  2036 | D:4      | 2036 ||| SHOPLISTING potion of heal wounds (55 gold, have
                  | 34).
  2052 | D:4      | 2052 ||| INVOKING Spit Poison.
  2058 | D:4      | 2058 ||| INVOKING Spit Poison.
  2072 | D:4      | 2072 ||| INVOKING Spit Poison.
  2080 | D:4      | Found Kenalyts's Antique Weapon Emporium.
  2083 | D:4      | Found a staircase to the Ecumenical Temple.
  2084 | D:4      | 2084 ||| PLANNING TEMPLE
  2084 | D:4      | 2084 ||| READING 2 scrolls of identify.
  2084 | D:4      | 2084 ||| IDENTIFYING bubbling amethyst potion
  2092 | Temple   | Entered the Ecumenical Temple
  2197 | Temple   | 2197 ||| PLANNING D:1-11
  2259 | D:4      | 2259 ||| INVOKING Spit Poison.
  2270 | D:4      | Found Xyetees's Antique Armour Emporium.
  2278 | D:4      | 2278 ||| SHOPLISTING dull robe (148 gold, have 47).
  2278 | D:4      | 2278 ||| SHOPLISTING embroidered robe (96 gold, have 47).
  2278 | D:4      | 2278 ||| SHOPLISTING glowing leather armour (130 gold, have
                  | 47).
  2278 | D:4      | Found Enur's Antique Armour Boutique.
  2306 | D:4      | 2306 ||| SHOPLISTING cloak (112 gold, have 79).
  2306 | D:4      | 2306 ||| SHOPLISTING pair of warped gloves (237 gold, have
                  | 79).
  2306 | D:4      | 2306 ||| SHOPLISTING runed leather armour (125 gold, have
                  | 79).
  2580 | D:5      | Entered Level 5 of the Dungeon
  2611 | D:5      | 2611 ||| INVOKING Spit Poison.
  2665 | D:5      | 2665 ||| INVOKING Spit Poison.
  2669 | D:5      | 2669 ||| FLEEEEING.
  2670 | D:5      | 2670 ||| FLEEEEING.
  2671 | D:5      | 2671 ||| FLEEEEING.
  2672 | D:5      | 2672 ||| FLEEEEING.
  2675 | D:5      | 2675 ||| FLEEEEING.
  2676 | D:5      | 2676 ||| FLEEEEING.
  2677 | D:5      | 2677 ||| FLEEEEING.
  2680 | D:5      | 2680 ||| INVOKING Spit Poison.
  2721 | D:5      | 2721 ||| SWAPPING to +0 orcbow.
  2722 | D:5      | 2722 ||| INVOKING Spit Poison.
  2723 | D:5      | 2723 ||| DROPPING +2 shortbow.
  2760 | D:5      | 2760 ||| INVOKING Spit Poison.
  2760 | D:5      | Noticed Pikel
  2766 | D:5      | 2766 ||| INVOKING Spit Poison.
  2770 | D:5      | 2770 ||| INVOKING Spit Poison.
  2770 | D:5      | Killed Pikel
  2771 | D:5      | Reached skill level 7 in Ranged Weapons
  2771 | D:5      | Reached XP level 7. HP: 37/64 MP: 7/7
  2771 | D:5      | Reached XP level 8. HP: 42/72 MP: 8/8
  2920 | D:5      | 2920 ||| Stepping ~*~*~tactically~*~*~ (outnumbered).
  2921 | D:5      | 2921 ||| Stepping ~*~*~tactically~*~*~ (outnumbered).
  2922 | D:5      | 2922 ||| Stepping ~*~*~tactically~*~*~ (outnumbered).
  2923 | D:5      | 2923 ||| INVOKING Spit Poison.
  2928 | D:5      | 2928 ||| INVOKING Spit Poison.
  2932 | D:5      | Reached skill level 8 in Ranged Weapons
  2933 | D:5      | 2933 ||| INVOKING Spit Poison.
  2947 | D:5      | 2947 ||| INVOKING Spit Poison.
  2953 | D:5      | 2953 ||| INVOKING Spit Poison.
  3108 | D:5      | 3108 ||| INVOKING Spit Poison.
  3113 | D:5      | 3113 ||| INVOKING Spit Poison.
  3117 | D:5      | 3117 ||| INVOKING Spit Poison.
  3170 | D:5      | 3170 ||| INVOKING Spit Poison.
  3200 | D:5      | Noticed Edmund
  3203 | D:5      | 3203 ||| INVOKING Spit Poison.
  3209 | D:5      | 3209 ||| INVOKING Spit Poison.
  3209 | D:5      | Killed Edmund
  3312 | D:5      | Found an iron altar of Okawaru.
  3313 | D:5      | 3313 ||| PLANNING OKAWARU WORSHIP
  3313 | D:5      | 3313 ||| READING scroll labelled IPPUACHOSU.
  3314 | D:5      | 3314 ||| DRINKING 2 red potions.
  3322 | D:5      | Became a worshipper of Warmaster Okawaru
  3322 | D:5      | 3322 ||| PLANNING D:1-11
  3386 | D:5      | Noticed Sigmund
  3387 | D:5      | 3387 ||| INVOKING Spit Poison.
  3390 | D:5      | 3390 ||| INVOKING Spit Poison.
  3393 | D:5      | Killed Sigmund
  3394 | D:5      | Reached skill level 9 in Ranged Weapons
  3456 | D:5      | 3456 ||| INVOKING Spit Poison.
  3506 | D:5      | 3506 ||| INVOKING Spit Poison.
  3510 | D:5      | 3510 ||| INVOKING Spit Poison.
  3653 | D:5      | 3653 ||| INVOKING Spit Poison.
  3714 | D:5      | 3714 ||| INVOKING Spit Poison.
  3715 | D:5      | 3715 ||| Stepping ~*~*~tactically~*~*~ (outnumbered).
  3720 | D:5      | 3720 ||| INVOKING Spit Poison.
  3724 | D:5      | 3724 ||| INVOKING Spit Poison.
  3726 | D:5      | Reached skill level 6 in Fighting
  3726 | D:5      | Reached XP level 9. HP: 68/82 MP: 9/9
  3730 | D:5      | 3730 ||| INVOKING Spit Poison.
  3732 | D:5      | Reached skill level 3 in Dodging
  3733 | D:5      | Reached * piety under Okawaru
  3735 | D:5      | 3735 ||| INVOKING Spit Poison.
  3809 | D:5      | 3809 ||| INVOKING Heroism.
  3812 | D:5      | 3812 ||| INVOKING Spit Poison.
  3821 | D:5      | 3821 ||| INVOKING Spit Poison.
  3822 | D:5      | 3822 ||| INVOKING Heroism.
  3842 | D:5      | 3842 ||| INVOKING Spit Poison.
  3845 | D:5      | 3845 ||| FLEEEEING.
  3846 | D:5      | 3846 ||| FLEEEEING.
  3852 | D:5      | 3852 ||| INVOKING Spit Poison.
  3946 | D:5      | 3946 ||| INVOKING Spit Poison.
  4037 | D:5      | 4037 ||| READING 2 scrolls of identify.
  4037 | D:5      | 4037 ||| IDENTIFYING sedimented emerald potion
  4077 | D:6      | 4077 ||| INVOKING Spit Poison.
  4089 | D:6      | 4089 ||| INVOKING Spit Poison.
  4090 | D:6      | Reached skill level 1 in Invocations
  4144 | D:6      | 4144 ||| INVOKING Heroism.
  4145 | D:6      | 4145 ||| INVOKING Spit Poison.
  4149 | D:6      | 4149 ||| INVOKING Spit Poison.
  4185 | D:6      | Noticed Duvessa
  4186 | D:6      | 4186 ||| INVOKING Spit Poison.
  4187 | D:6      | 4187 ||| INVOKING Heroism.
  4187 | D:6      | Noticed Dowan
  4190 | D:6      | 4190 ||| INVOKING Spit Poison.
  4196 | D:6      | Noticed Prince Ribbit
  4197 | D:6      | Killed Duvessa
  4198 | D:6      | Reached skill level 10 in Ranged Weapons
  4199 | D:6      | 4199 ||| INVOKING Spit Poison.
  4201 | D:6      | Killed Dowan
  4204 | D:6      | 4204 ||| INVOKING Spit Poison.
  4211 | D:6      | 4211 ||| INVOKING Spit Poison.
  4214 | D:6      | Killed Prince Ribbit
  4643 | D:6      | 4643 ||| READING 2 scrolls labelled GANYMU ZAOJOLIJANK.
  4744 | D:6      | 4744 ||| DROPPING scroll of silence.
  4814 | D:7      | 4814 ||| INVOKING Spit Poison.
  4869 | D:7      | 4869 ||| INVOKING Heroism.
  4936 | D:7      | 4936 ||| INVOKING Heroism.
  4937 | D:7      | 4937 ||| INVOKING Spit Poison.
  5035 | D:7      | Found a sparkling altar of Nemelex Xobeh.
  5050 | D:7      | Found a radiant altar of Vehumet.
  5074 | D:7      | 5074 ||| READING scroll of enchant weapon.
  5074 | D:7      | 5074 ||| ENCHANTING +0 orcbow.
  5093 | D:7      | 5093 ||| INVOKING Spit Poison.
  5107 | D:7      | 5107 ||| Stepping ~*~*~tactically~*~*~ (outnumbered).
  5109 | D:7      | 5109 ||| Stepping ~*~*~tactically~*~*~ (outnumbered).
  5111 | D:7      | 5111 ||| Stepping ~*~*~tactically~*~*~ (outnumbered).
  5113 | D:7      | 5113 ||| Stepping ~*~*~tactically~*~*~ (outnumbered).
  5122 | D:7      | HP: 17/84 [wight/+3 great sword (17)]
  5123 | D:7      | 5123 ||| DRINKING potion of heal wounds.
  5125 | D:7      | Slain by a wight

Levels and vault maps discovered:
D:1:      amcnicky_arrival_blooded_trapdoor, layout_rooms
D:2:      layout_loops_ring, basic_altar, uniq_jessica, uniq_natasha
D:3:      layout_loops_ring, guppyfry_early_lair_pool
D:4:      layout_cave_pools, minmay_temple_entry_junction, serial_shops, shop,
          shop, nicolae_shop_hallway_stairs, shop, nicolae_shop_crystal
D:5:      minmay_chambers_of_threes, layout_loops_corners,
          okawaru_altar_gauntlet_db, hangedman_abyss_or_decor_lesser_grid,
          st_stairs_6, uniq_edmund, uniq_sigmund, uniq_pikel
D:6:      layout_gridville, uniq_duvessa, uniq_prince_ribbit1
D:7:      layout_layer_cave, mainiacjoe_overflow_surrounded_room,
          vehumet_crystals, enter_bailey_4
Temple:   nicolae_temple_bog_church

Skill      XL: |  1  2  3  4  5  6  7  8  9 |
---------------+----------------------------+-----
Ranged Weapons | 4 5 7 9 10 | 10.6
Fighting       | 3 4 6 7 |  7.0
Dodging        | 2 3 |  3.0
Invocations    | 2 |  2.3
Stealth        | |  1.5

Action                     |  1- 3 |  4- 6 |  7- 9 || total
---------------------------+-------+-------+-------++-------
   Fire: Shortbow          |    56 |    92 |       ||   148
         Orcbow            |       |     9 |   163 ||   172
 Invoke: Heroism           |       |       |     6 ||     6
Ability: Spit Poison       |    18 |    37 |    39 ||    94
    Use: Scroll            |     4 |     7 |     4 ||    15
         Potion            |       |     2 |     2 ||     4
 Armour: Leather armour    |     2 |     3 |       ||     5
         Robe              |       |     8 |    23 ||    31
  Dodge: Dodged            |     4 |    18 |    53 ||    75

Table legend:
 A = Non-vault XP
 B = Vault XP
 C = Vault XP percentage of total XP
 D = Non-vault monster count
 E = Vault monster count
 F = Vault count percentage of total count
                 A         B        C        D         E       F
            +---------+---------+-------+---------+---------+-------
      Total |    1841 |    2449 |  57.1 |     114 |      28 |  19.7
            +---------+---------+-------+---------+---------+-------
        D:1 |      39 |       0 |   0.0 |      23 |       0 |   0.0
        D:2 |     145 |      72 |  33.2 |      25 |       2 |   7.4
        D:3 |      95 |       0 |   0.0 |      15 |       0 |   0.0
        D:4 |      41 |       0 |   0.0 |      15 |       0 |   0.0
        D:5 |     653 |    1885 |  74.3 |      21 |      23 |  52.3
        D:6 |     327 |     492 |  60.1 |       6 |       3 |  33.3
        D:7 |     541 |       0 |   0.0 |       9 |       0 |   0.0
            +---------+---------+-------+---------+---------+-------
